 Dungeon Crawl Stone Soup version 0.31-a0-45-g5f0c076935 (webtiles) character file.

Game seed: 11011631246264839224

101 Sobieck the Vexing (level 4, 22/22 HPs)
             Began as a Spriggan Hexslinger on May 22, 2023.
             Was a Follower of Kikubaaqudgha.
             Got out of the dungeon alive.
             The game lasted 00:04:49 (2085 turns).

Sobieck the Vexing (Spriggan Hexslinger)            Turns: 2085, Time: 00:04:49

Health: 22/22      AC:  2    Str:  6    XL:     4   Next: 48%
Magic:  8/8        EV: 18    Int: 14    God:    Kikubaaqudgha [*.....]
Gold:   70         SH:  0    Dex: 17    Spells: 4/8 levels left

rFire   . . .        a - +1 sling
rCold   . . .        (no shield)
rNeg    . . .        c - +0 robe
rPois   .            (helmet restricted)
rElec   .            (no cloak)
rCorr   .            (gloves unavailable)
SInv    +            (boots unavailable)
Will    .....        (no amulet)
Stlth   ++           (no ring)
HPRegen 0.23/turn    (no ring)
MPRegen 0.11/turn

%: no passive effects
@: very quick
A: very small, no large weapons, unfitting armour, see invisible, speed 3
a: Renounce Religion, Unearth Wretches


You escaped.
You worshipped Kikubaaqudgha.
Kikubaaqudgha was aware of your devotion.
You visited 1 branch of the dungeon, and saw 3 of its levels.

You collected 70 gold pieces.


Innate Abilities, Weirdness & Mutations

You are very small and have problems with some larger weapons.
You are too small for most types of armour.
You have supernaturally acute eyesight. (SInv)
You cover ground extremely quickly. (Speed+++)


   Skills:
 + Level 1.5 Fighting
 + Level 2.5 Ranged Weapons
 + Level 3.3 Dodging
 + Level 2.5 Spellcasting
 * Level 4.7 Hexes
 + Level 0.4 Fire Magic


You had 4 spell levels left.
You knew the following spells:

 Your Spells              Type           Power      Damage    Failure   Level
a - Slow                  Hex            56%        N/A       3%          1
b - Inner Flame           Hex/Fire       8%         N/A       24%         3

Your spell library contained the following spells:

 Spells                   Type           Power      Damage    Failure   Level
 Confusing Touch          Hex            14%        N/A       10%         3
 Freeze                   Ice            4%         1d3       22%         1
 Necrotise                Necr           4%         1d4       22%         1
 Portal Projectile        Hex/Tloc       16%        N/A       26%         3
 Cause Fear               Hex            7%         N/A       32%         4
 Cigotuvi's Dreadful Rot  Necr/Pois/Air  2%         N/A       34%         2
 Sublimation of Blood     Necr           1%         N/A       34%         2
 Frozen Ramparts          Ice            2%         1d1       56%         3
 Hailstorm                Conj/Ice       1%         3d3       56%         3
 Vampiric Draining        Necr           1%         2d6       56%         3

Inventory:

Hand Weapons
 a - a +1 sling (weapon)
 f - a +1 dagger of holy wrath {short}
   (You took it off a goblin on level 1 of the Dungeon)
 k - a +0 dagger of draining {short}
   (You found it on level 2 of the Dungeon)
Missiles
 d - 18 stones {throwing}
Armour
 c - a +0 robe (worn)
Magical Staves
 i - a staff of air {!astaff}
   (You found it on level 1 of the Dungeon)
 p - a staff of poison {!astaff}
   (You found it on level 2 of the Dungeon)
Wands
 q - a wand of flame (13)
   (You took it off a hobgoblin on level 3 of the Dungeon)
Scrolls
 b - 2 scrolls of poison {!r}
 e - a scroll of torment {unknown}
 j - 2 scrolls of identify {unknown}
 m - a scroll of blinking {unknown}
 n - 2 scrolls of brand weapon {unknown}
 o - a scroll of fog {unknown}
 s - a scroll of teleportation {unknown}
 t - a scroll of magic mapping {unknown}
Potions
 g - 2 potions of curing {unknown}
 h - 3 potions of might {unknown}
 l - a potion of degeneration {unknown}
 r - a potion of attraction {unknown}

Dungeon Overview and Level Annotations

Branches:
Dungeon (3/15) Zot: 16591

Altars:
Kikubaaqudgha
Vehumet

.......#.#.).....#...........##.#
.#..##.#.#.....#.......#######..#
.#.......#.......#...............
.....#.#..#.....................#
.#.#.#.#...#####..#...###..#.#..#
.#.#.#.#.#.....#..#...# #.##.#...
.#.#.#.#.#.###.#..#...###.##.#...
.#.....#.#.....#..........##.#...
.#.....#.#.###.>@.#....##.##.#...
.#.....#.#..########.............
........................#.##.#...
#####...................#.##.#...
...##..........######..##.##.#...
............#..# #..##.##.#...
...##.......#..# ###..##.##.#.).
...##.####.##..####....#....†#...
...##.# #.................#.....


There were no monsters in sight!


Message History

There is a radiant altar of Vehumet here.
q - a wand of flame (13) Unknown command.
Unknown command.
r - a smoky puce potion Unknown command.
You now have 45 gold pieces (gained 9).
You now have 56 gold pieces (gained 11).
s - a scroll labelled NARCHA JUSHONU Unknown command.
You now have 70 gold pieces (gained 14).
You open the door.
Found a faded altar of an unknown god.
Unknown command.
A bat comes into view.
Danger!
You shoot a sling bullet. The sling bullet hits the bat!
You kill the bat!
You hear an angry hiss.
An adder comes into view.
You shoot a sling bullet. The adder hisses angrily.
The sling bullet hits the adder!
The adder misses you. x2
You shoot a sling bullet.
The sling bullet hits the adder but does no damage.
The adder closely misses you.
You shoot a sling bullet.
The sling bullet hits the adder but does no damage.
The adder bites you. The adder bites you but does no damage.
You shoot a sling bullet. The sling bullet hits the adder.
The adder completely misses you.
You shoot a sling bullet. The sling bullet hits the adder!
You kill the adder!
No target in view!
There is an open door, spattered with blood here.
There is a faded altar of an unknown god here.
This altar belongs to (a) Kikubaaqudgha, (b) Fedhas or (c) Ashenzari, but you can't tell which.
Press the corresponding letter to learn more about a god, or press enter to convert or escape to cancel.
Kikubaaqudgha accepts your prayer! Kikubaaqudgha welcomes you!
You can now bring forth the wretched and dying.
Kikubaaqudgha grants you a gift!
You add the spells Necrotise, Cigotuvi's Dreadful Rot and Sublimation of Blood to your library.
Unknown command.
Press < or > to pray at altars.
Unknown command.
Press < or > to pray at altars.
Unknown command.
Press < or > to pray at altars.
There is an open door, spattered with blood here.
A worm comes into view.
Danger!
You shoot a sling bullet. The sling bullet hits the worm.
You shoot a sling bullet. The sling bullet hits the worm.
The worm bites you.
You are too injured to fight recklessly!
You are too injured to fight recklessly!
You are too injured to fight recklessly!
You are too injured to fight recklessly!
Unknown command.
You are too injured to fight recklessly!
Unknown command.
You shoot a sling bullet.
The sling bullet barely misses the worm.
The worm bites you.
You shoot a sling bullet. The sling bullet hits the worm!
The worm bites you.
You shoot a sling bullet.
The sling bullet hits the worm but does no damage.
You shoot a sling bullet.
The sling bullet hits the worm but does no damage.
The worm closely misses you.
You shoot a sling bullet. The sling bullet hits the worm!
The worm barely misses you.
You shoot a sling bullet. The sling bullet hits the worm.
You kill the worm!
Kikubaaqudgha accepts your kill.
t - a scroll labelled BENKIA FAYTZ
(D) Dungeon
Where to? (Enter - D:2 @ (x,y), ? - help)
What level of the Dungeon? (default 1, ? - help)
Things that are here:
a +0 leather armour; a +0 whip {mace} You see here a +1 helmet.
There is a stone staircase leading up here.
You climb upwards.
There is a stone staircase leading down here.
You see here a +0 whip {mace}.
There is an open door here.
There is a stone staircase leading up here.
You climb upwards.
There is a stone staircase leading down here.
(D) Dungeon
Where to? (Enter - D:1, ? - help)
Okay, then.
There is an escape hatch in the floor here.
There is a staircase leading out of the dungeon here.
Are you sure you want to leave the Dungeon?
This will make you lose the game!
Alright, then stay!
Unknown command.
Unknown command.
Are you sure you want to leave the Dungeon?
This will make you lose the game!
You have escaped!

Skill      XL: |  1  2 |
---------------+-------+-----
Fighting       | 1 |  1.5
Hexes          | 4 |  4.7
Spellcasting   | 2 |  2.5
Dodging        | 3 |  3.3
Ranged Weapons | |  2.5
Fire Magic     | |  0.4

Action                     |  1- 3 |  4- 6 || total
---------------------------+-------+-------++-------
   Fire: Sling             |   120 |    15 ||   135
   Cast: Slow              |    13 |       ||    13
 Armour: Robe              |     7 |     1 ||     8
  Dodge: Dodged            |    17 |     7 ||    24

Levels and vault maps discovered:
D:1:      dpeg_arrival_tiny_a, layout_basic
D:2:      layout_loops_corners, corexii_corridor_pit, kennysheep_nondescript
D:3:      layout_basic, nicolae_overflow_ecumenical_swirl,
          vehumet_altar_wand_db, chequers_ecumenical_altar_lobes

Notes
Turn   | Place    | Note
-------+----------+-------------------------------------------
     0 | D:1      | Sobieck the Spriggan Hexslinger began the quest for the
                  | Orb.
     0 | D:1      | Reached XP level 1. HP: 9/9 MP: 3/3
    13 | D:1      | You pick up a book of Debilitation and begin reading...
    13 | D:1      | You add the spells Vampiric Draining and Confusing Touch to
                  | your library.
   107 | D:1      | Reached XP level 2. HP: 14/14 MP: 3/5
   174 | D:1      | You pick up a book of Frost and begin reading...
   174 | D:1      | You add the spells Freeze, Frozen Ramparts and Hailstorm to
                  | your library.
   309 | D:1      | Reached skill level 1 in Fighting
   309 | D:1      | Reached skill level 4 in Hexes
   732 | D:2      | Reached skill level 2 in Spellcasting
   884 | D:1      | Reached skill level 3 in Dodging
   884 | D:1      | Reached XP level 3. HP: 18/18 MP: 7/7
  1767 | D:3      | Learned a level 3 spell: Inner Flame
  1775 | D:3      | Found a radiant altar of Vehumet.
  1854 | D:2      | Reached XP level 4. HP: 22/22 MP: 6/8
  1957 | D:3      | Found a faded altar of an unknown god.
  1969 | D:3      | Prayed at the altar of an unknown god.
  1969 | D:3      | Became a worshipper of Kikubaaqudgha
  1969 | D:3      | Reached * piety under Kikubaaqudgha
  1969 | D:3      | You add the spells Necrotise, Cigotuvi's Dreadful Rot and
                  | Sublimation of Blood to your library.
  1969 | D:3      | Received a gift from Kikubaaqudgha
  2085 | D:$      | Got out of the dungeon alive.

Vanquished Creatures
  A hound (D:2)
  3 adders
  A worm (D:3)
  An orc (D:3)
  A ball python (D:2)
  3 endoplasms
  2 giant cockroaches
  6 goblins
  3 hobgoblins
  8 bats
  3 frilled lizards
  3 kobolds (D:2)
  6 rats
41 creatures vanquished.

Table legend:
 A = Non-vault XP
 B = Vault XP
 C = Vault XP percentage of total XP
 D = Non-vault monster count
 E = Vault monster count
 F = Vault count percentage of total count
                 A         B        C        D         E       F
            +---------+---------+-------+---------+---------+-------
      Total |     143 |       2 |   1.4 |      40 |       1 |   2.4
            +---------+---------+-------+---------+---------+-------
        D:1 |      41 |       0 |   0.0 |      19 |       0 |   0.0
        D:2 |      77 |       0 |   0.0 |      16 |       0 |   0.0
        D:3 |      25 |       2 |   7.4 |       5 |       1 |  16.7
            +---------+---------+-------+---------+---------+-------

Skill      XL: |  1  2 |
---------------+-------+-----
Fighting       | 1 |  1.5
Hexes          | 4 |  4.7
Spellcasting   | 2 |  2.5
Dodging        | 3 |  3.3
Ranged Weapons | |  2.5
Fire Magic     | |  0.4

Action                     |  1- 3 |  4- 6 || total
---------------------------+-------+-------++-------
   Fire: Sling             |   120 |    15 ||   135
   Cast: Slow              |    13 |       ||    13
 Armour: Robe              |     7 |     1 ||     8
  Dodge: Dodged            |    17 |     7 ||    24

Illustrated notes

Table legend:
 A = Kills in this place as a percentage of kills in the entire game.
 B = Kills by you in this place as a percentage of kills by you in the entire game.
 C = Kills by friends in this place as a percentage of kills by friends in the entire game.
 D = Other kills in this place as a percentage of other kills in the entire game.
 E = Experience gained in this place as a percentage of experience gained in the entire game.
 F = Experience gained in this place divided by the number of levels of this place that you have seen.
                   A       B       C       D       E      F
               +-------+-------+-------+-------+-------+----------------------
         Total | 100.0 | 100.0 |   N/A |   N/A | 100.0 |  48.3
       Dungeon | 100.0 | 100.0 |   N/A |   N/A | 100.0 |  48.3
               +-------+-------+-------+-------+-------+----------------------

Table legend: (Time is in decaauts)
 A = Elapsed time spent in this place.
 B = Non-inter-level travel time spent in this place.
 C = Inter-level travel time spent in this place.
 D = Time resting spent in this place.
 E = Time spent auto-exploring this place.
 F = Levels seen in this place.
 G = Mean time per level.
                   A        B        C        D        E       F      G
               +--------+--------+--------+--------+--------+-----+--------+
         Total |   1408 |   1275 |    133 |      0 |    915 |   3 |  469.3 |
       Dungeon |   1408 |   1275 |    133 |      0 |    915 |   3 |  469.3 |
               +--------+--------+--------+--------+--------+-----+--------+

Top non-repeatable levels by time:
     D:2: 719 daAuts
     D:1: 574 daAuts
     D:3: 114 daAuts
